 Dungeon Crawl Stone Soup version 0.25.0-1-g7eea58d (webtiles) character file.

Game seed: 10940386308165212174

829 GeorgeSoros the Vexing (level 7, -5/32 HPs)
             Began as a Spriggan Enchanter on June 19, 2020.
             Was a Follower of Wu Jian.
             Slain by an ogre
             ... wielding a +0 giant club
              (31 damage)
             ... on level 5 of the Dungeon on June 20, 2020.
             The game lasted 00:38:29 (7045 turns).

GeorgeSoros the Vexing (Spriggan Enchanter)         Turns: 7045, Time: 00:38:29

Health: -5/32      AC:  4    Str:  6    XL:     7   Next: 65%
Magic:  9/12       EV: 21    Int: 23    God:    Wu Jian [*.....]
Gold:   240        SH:  0    Dex: 16    Spells: 3/12 levels left

rFire    . . .     SeeInvis +   a - +1 dagger
rCold    + . .     Gourm    .   (shield restricted)
rNeg     . . .     Faith    .   b - +1 robe
rPois    .         Spirit   .   (helmet restricted)
rElec    .         Reflect  .   x - +0 cloak
rCorr    .         Harm     .   (gloves unavailable)
MR       +....                  (boots unavailable)
Stlth    +++.......             m - amulet of magic regeneration
HPRegen  0.10/turn              e - +6 ring of intelligence
MPRegen  0.38/turn              t - ring of protection from cold

@: very quick
A: very small, unfitting armour, see invisible, herbivore, speed 3, slow
metabolism 2
a: Renounce Religion


You were on level 5 of the Dungeon.
You worshipped Wu Jian.
Wu Jian was aware of your devotion.
You were not hungry.

You visited 1 branch of the dungeon, and saw 5 of its levels.

You collected 262 gold pieces.
You spent 22 gold pieces at shops.

Inventory:

Hand Weapons
 a - a +1 dagger (weapon)
Missiles
 n - 13 poisoned darts (quivered)
Armour
 b - a +1 robe (worn)
 s - a +0 troll leather armour {Purgy}
 x - a +0 cloak (worn)
Jewellery
 e - a +6 ring of intelligence (left hand)
 m - an amulet of magic regeneration (around neck)
 t - a ring of protection from cold (right hand)
Wands
 p - a wand of random effects (10)
Scrolls
 o - 3 scrolls of teleportation
 u - a scroll of remove curse
 v - 2 scrolls of magic mapping
 y - a scroll of blinking
Potions
 c - a potion of lignification {unknown}
 f - a potion of ambrosia
 g - a potion of heal wounds {unknown}
 h - 2 potions of curing
 i - 2 potions of flight {unknown}
 j - a potion of cancellation {unknown}
 k - 2 potions of berserk rage {unknown}
 l - a potion of experience {unknown}
 q - a potion of stabbing {unknown}
 r - a potion of might {unknown}
 w - 2 potions of haste
Comestibles
 d - 2 rations


   Skills:
 + Level 4.6 Short Blades
 - Level 6.0 Dodging
 - Level 6.0 Stealth
 - Level 3.0 Spellcasting
 - Level 7.0 Hexes
 + Level 3.9 Evocations


You had 3 spell levels left.
You knew the following spells:

 Your Spells              Type           Power        Failure   Level  Hunger
a - Corona                Hex            #####..      1%          1    None
b - Ensorcelled Hibernat  Hex/Ice        ###...       4%          2    ##.....
c - Confusing Touch       Hex            #####...     1%          3    ###....
d - Tukima's Dance        Hex            #####...     1%          3    ###....

Your spell library contained the following spells:

 Spells                   Type           Power        Failure   Level  Hunger
 Dazzling Flash           Conj/Hex       ###...       9%          3    ###....
 Sandblast                Erth           #.....       12%         1    None
 Passwall                 Tmut/Erth      #.......     17%         2    ##.....
 Stone Arrow              Conj/Erth      #.....       34%         3    ###....
 Petrify                  Tmut/Erth      #.......     75%         4    ####...
 Lee's Rapid Deconstruct  Erth           #.........   97%         5    ######.


Dungeon Overview and Level Annotations

Branches:
Dungeon (5/15)
 Temple: D:4-7

Altars:
Elyvilon
Ru
Vehumet
Wu Jian
Xom
Yredelemnul
Zin

Shops:
D:5 ?[


Innate Abilities, Weirdness & Mutations

You are very small and have problems with some larger weapons.
You are too small for most types of armour.
You have supernaturally acute eyesight. (SInv)
You are a herbivore.
You cover ground extremely quickly.
You need to consume almost no food.


Message History

Casting: Confusing Touch (safe; 1% risk of failure)
Confirm with . or Enter, or press ? or * to list all spells.
Your hands begin to glow red.
You completely miss the ogre. You hit the ogre but do no damage.
The ogre hits you with a +0 giant club!
Casting: Confusing Touch (safe; 1% risk of failure)
Confirm with . or Enter, or press ? or * to list all spells.
Aiming: Ensorcelled Hibernation (safe; 4% risk of failure)
Press: ? - help, Shift-Dir - straight line, f - ogre
Aim: an ogre, wielding a +0 giant club (chance to confuse on hit: 63%, chance to defeat MR: 50%)
The ogre resists with some effort.
You hit the ogre but do no damage.
The ogre appears confused.
The ogre completely misses you.
You completely miss the ogre.
You catch the helpless ogre completely off-guard!
You impale the ogre!!
The ogre is severely wounded.
The ogre hits you with a +0 giant club!!
Ouch! That really hurt!
You die...

##########..####.#####.#.####
#...................#.....
#...................#.####
#...................#.#...
#..<................#.#.#.
##...................#.#.#.
#.....##..##########.#...#.
####..##############.#####.
#.......@O......#........
#...............#..#####.
#...............#..# #.
#....≈≈≈≈≈......#..# #.
########.≈≈≈≈≈≈≈≈≈..####.# #.
#........≈≈≈≈≈≈≈≈≈≈≈.. ..# ..
#.......≈≈≈≈≈≈≈≈≈≈≈≈≈....#
####
#.......≈≈≈≈≈≈_≈≈≈≈≈≈....#
....
#.......≈≈≈≈≈≈≈≈≈≈≈≈≈....#
###


You could see an ogre (confused).

Vanquished Creatures
  Purgy (D:3)
  2 ogres
  A jelly (D:4)
  A centaur zombie (D:5)
  An orc priest (D:4)
  A hound (D:5)
  Crazy Yiuf (D:5)
  3 orc wizards
  Terence (D:3)
  An iguana (D:4)
  2 worker ants
  A killer bee zombie (D:5)
  4 gnolls (D:3)
  7 adders
  An ooze (D:4)
  4 worms
  3 adder skeletons
  4 dart slugs
  A leopard gecko (D:5)
  7 orcs
  3 giant cockroaches
  6 goblins
  4 hobgoblins
  11 jackals
  A quokka (D:4)
  9 bats
  2 frilled lizards (D:1)
  5 kobolds
  6 rats
94 creatures vanquished.

Notes
Turn   | Place    | Note
-------+----------+-------------------------------------------
     0 | D:1      | GeorgeSoros the Spriggan Enchanter began the quest for the
                  | Orb.
     0 | D:1      | Reached XP level 1. HP: 9/9 MP: 5/5
   272 | D:1      | Reached skill level 4 in Hexes
   415 | D:1      | Reached XP level 2. HP: 10/13 MP: 7/7
   882 | D:1      | Learned a level 2 spell: Ensorcelled Hibernation
  1018 | D:2      | Reached skill level 5 in Stealth
  1261 | D:2      | Reached XP level 3. HP: 16/16 MP: 5/8
  1988 | D:2      | Found a radiant altar of Vehumet.
  1988 | D:2      | Found a basalt altar of Yredelemnul.
  2020 | D:2      | Reached XP level 4. HP: 21/21 MP: 9/9
  2328 | D:2      | Reached skill level 5 in Hexes
  2719 | D:3      | Learned a level 3 spell: Confusing Touch
  3037 | D:3      | Found a white marble altar of Elyvilon.
  3043 | D:3      | Noticed Terence
  3079 | D:3      | Killed Terence
  3260 | D:3      | Found a shimmering altar of Xom.
  3324 | D:3      | Reached XP level 5. HP: 22/24 MP: 7/10
  4017 | D:3      | Found a sacrificial altar of Ru.
  4018 | D:3      | Found an ornate altar of the Wu Jian Council.
  4027 | D:3      | Became a worshipper of the Wu Jian Council
  4514 | D:3      | Noticed Purgy
  4523 | D:3      | Killed Purgy
  4523 | D:3      | Reached skill level 5 in Dodging
  4523 | D:3      | Reached skill level 6 in Hexes
  4523 | D:3      | Reached XP level 6. HP: 28/28 MP: 4/11
  4674 | D:4      | Learned a level 3 spell: Tukima's Dance
  4922 | D:4      | Reached skill level 1 in Evocations
  5937 | D:4      | Reached XP level 7. HP: 32/32 MP: 12/12
  6221 | D:5      | Entered Level 5 of the Dungeon
  6301 | D:5      | Found a runed translucent door.
  6302 | D:5      | Noticed Crazy Yiuf
  6308 | D:5      | Killed Crazy Yiuf
  6308 | D:5      | Reached * piety under Wu Jian
  6372 | D:5      | Found Dooliuj's Magic Scroll Shop.
  6378 | D:5      | Bought a scroll of identify for 22 gold pieces
  6763 | D:5      | Found a glowing silver altar of Zin.
  6837 | D:5      | Found Selic's Antique Armour Boutique.
  6903 | D:5      | Reached skill level 7 in Hexes
  6987 | D:5      | Found a sacrificial altar of Ru.
  7045 | D:5      | Slain by an ogre

Illustrated notes

Levels and vault maps discovered:
D:1:      dpeg_arrival_simpleton_b, layout_basic
D:2:      layout_loops_corners, gammafunk_temple_overflow_statue, first_ration,
          kennysheep_generic_room_16
D:3:      layout_basic, minitemple, overflow_temple_1_default, chequers_avenue,
          minivault_25, xom_teletrap_fun, uniq_purgy, uniq_terence
D:4:      layout_loops_ring, kennysheep_generic_room_5
D:5:      layout_gridville, lemuel_crystal_altar, serial_shops, shop,
          shop_statue, roderic_lattice_a, lemuel_altar_in_water,
          uniq_crazy_yiuf_cottage

Skill      XL: |  1  2  3  4  5  6  7 |
---------------+----------------------+-----
Spellcasting   | 3 |  3.0
Hexes          | 4 5 6 7 |  7.0
Stealth        | 5 6 |  6.0
Short Blades   | 2 3 4 |  4.6
Dodging        | 5 6 |  6.0
Evocations     | 2 3 |  3.9

Action                   |  1- 3 |  4- 6 |  7- 9 || total
-------------------------+-------+-------+-------++-------
Melee: Dagger            |   118 |   225 |    72 ||   415
Throw: Dart              |       |    33 |       ||    33
 Cast: Corona            |     4 |     9 |       ||    13
       Ensorcelled Hiber |    11 |    22 |     2 ||    35
       Confusing Touch   |       |     3 |     7 ||    10
Invok: Lunge             |       |     4 |     6 ||    10
       Whirlwind         |       |       |     2 ||     2
  Use: Scroll            |     3 |     6 |     2 ||    11
 Stab: Sleeping          |    17 |    20 |     6 ||    43
       Confused          |       |       |     8 ||     8
       Distracted        |       |       |     1 ||     1
  Eat: Ration            |       |     3 |       ||     3
Armor: Robe              |     8 |    24 |     3 ||    35
Dodge: Dodged            |   107 |   201 |    34 ||   342
